 Dungeon Crawl Stone Soup version 0.31.0-11-ge490571c62 (webtiles) character file.

Game seed: 14756614581199704879

63 Minsecho the Ducker (level 3, -3/19 HPs)
             Began as a Spriggan Monk on Feb 1, 2024.
             Killed by nerve-wracking pain
             ... invoked by Jessica
              (14 damage)
             ... on level 2 of the Dungeon.
             The game lasted 00:02:32 (1296 turns).

Minsecho the Ducker (Spriggan Monk)                 Turns: 1296, Time: 00:02:34

Health: -3/19      AC:  2    Str:  9    XL:     3   Next: 87%
Magic:  4/4        EV: 19    Int: 11    God:
Gold:   73         SH:  0    Dex: 17    Spells: 1/2 levels left

rFire   . . .        a - +0 short sword
rCold   . . .        d - orb {light}
rNeg    . . .        b - +0 robe
rPois   .            (helmet restricted)
rElec   .            (no cloak)
rCorr   .            (gloves unavailable)
SInv    +            (boots unavailable)
Will    .....        (no amulet)
Stlth   +            (no ring)
HPRegen 0.23/turn    (no ring)
MPRegen 0.09/turn

%: no passive effects
@: glowing, very quick
A: very small, no large weapons, unfitting armour, see invisible, speed 3
a: no special abilities


You were on level 2 of the Dungeon.
You visited 1 branch of the dungeon, and saw 2 of its levels.

You collected 73 gold pieces.

Inventory:

Hand Weapons
 a - a +0 short sword (weapon)
Armour
 b - a +0 robe (worn)
 d - an orb of light (worn)
Scrolls
 e - a scroll of poison {unknown}
 f - 2 scrolls of enchant armour {unknown}
 g - a scroll of identify {unknown}
 k - a scroll of fog {unknown}
 l - a scroll of acquirement {unknown}
Potions
 c - a potion of ambrosia
 h - a potion of curing {unknown}
 i - 2 potions of enlightenment {unknown}
 j - a potion of lignification {unknown}


   Skills:
 + Level 2.8 Fighting
 + Level 4.1 Short Blades
 + Level 5.1 Dodging


You had one spell level left.
You knew the following spells:

 Your Spells              Type           Power      Damage    Failure   Level
a - Freeze                Ice            0%         1d3       34%         1

Your spell library contained the following spells:

 Spells                   Type           Power      Damage    Failure   Level
 Shock                    Conj/Air       0%         1d3       34%         1
 Frozen Ramparts          Ice            0%         1d1       71%         3
 Hailstorm                Conj/Ice       0%         3d5       71%         3
 Swiftness                Air            0%         N/A       71%         3
 Airstrike                Air            0%         2d(0-16)  98%         4


Dungeon Overview and Level Annotations

Branches:
Dungeon (2/15)

Altars:

Annotations:
D:2 Jessica, Terence


Innate Abilities, Weirdness & Mutations

You are very small and have problems with some larger weapons.
You are too small for most types of armour.
You have supernaturally acute eyesight. (SInv)
You cover ground extremely quickly. (Speed+++)


Message History

A goblin comes into view. It is wielding a +0 club.
You hear a shout!
You swing at nothing.
You hit the goblin.
The goblin is heavily wounded.
The goblin misses you.
You completely miss the goblin.
The goblin is heavily wounded.
A ball python comes into view.
Jessica mumbles some strange words.
Jessica seems to speed up.
The goblin misses you.
The ball python hisses angrily.
You hit the goblin.
You kill the goblin!
You swing at nothing.
A hobgoblin comes into view.
You hit the goblin but do no damage. The goblin closely misses you.
You hit the goblin.
You kill the goblin!
Jessica attacks as she pursues you! Jessica hits you with a +0 dagger.
Jessica attacks as she pursues you! Jessica misses you.
Jessica attacks as she pursues you! Jessica completely misses you.
You hit Jessica but do no damage. Jessica barely misses you.
You hit Jessica.
Jessica is moderately wounded.
Jessica misses you.
You hit Jessica.
Jessica is heavily wounded.
Jessica hits you with a +0 dagger.
You hit Jessica.
Jessica is almost dead.
Jessica casts a spell at you.
You struggle to resist.
Jessica hits you with a +0 dagger.
You hit Jessica but do no damage.
Jessica is almost dead.
Jessica mumbles something strange.
Jessica points at you and mumbles some strange words.
Pain shoots through your body!
Ouch! That really hurt!
You die...

.............# . #
...........8.8 ..#.
.............. ....
.............
..##S.####
.......8.....
......)g.##
.........÷...
..##.g##gg#
.......8..÷.. #..
##@#########..######
#. #.@..### ##....#
# #
####...#####.##.###
###...........#
#######.##### #.#
#.# #.# ####.##
#.....#####


You could see Jessica (fast) and 3 goblins.

Vanquished Creatures
  An adder (D:2)
  A dart slug (D:2)
  2 ball pythons (D:2)
  2 endoplasms
  2 giant cockroaches (D:1)
  7 goblins
  A hobgoblin (D:1)
  6 jackals (D:1)
  2 kobolds
  2 quokkas (D:1)
  4 bats
  9 frilled lizards
  11 rats
50 creatures vanquished.

Notes
Turn   | Place    | Note
-------+----------+-------------------------------------------
     0 | D:1      | Minsecho the Spriggan Monk began the quest for the Orb.
     0 | D:1      | Reached XP level 1. HP: 11/11 MP: 2/2
   105 | D:1      | Reached XP level 2. HP: 10/16 MP: 3/3
   199 | D:1      | Learned a level 1 spell: Freeze
   506 | D:1      | Reached XP level 3. HP: 19/19 MP: 4/4
   989 | D:2      | Found a faded altar of an unknown god.
  1012 | D:2      | Reached skill level 5 in Dodging
  1072 | D:2      | Noticed Terence
  1279 | D:2      | Noticed Jessica
  1296 | D:2      | Killed from afar by Jessica

Illustrated notes

Levels and vault maps discovered:
D:1:      co_arrival_random_square_maze, layout_loops_ring,
          minmay_misc_feat_diagonals, serial_bayou_pond_d
D:2:      layout_rooms, shapermc_ecumenical_altar_pompeii, uniq_robin,
          uniq_terence, uniq_jessica

Skill      XL: |  1  2  3 |
---------------+----------+-----
Short Blades   | 4 |  4.1
Dodging        | 5 |  5.1
Fighting       | |  2.8

Action                     || total
---------------------------++-------
  Melee: Short sword       ||   211
   Cast: Freeze            ||     1
 Armour: Robe              ||    46
  Dodge: Dodged            ||   147
